 Dungeon Crawl Stone Soup version 0.27-a0-906-g0a00ce863d (webtiles) character file.

Game seed: 9155574886342652325

23 kae the Insei (level 2, 0/23 HPs)
             Began as a Demonspawn Gladiator on Apr 6, 2021.
             Succumbed to a kobold's poison
             ... on level 1 of the Dungeon.
             The game lasted 00:00:29 (756 turns).

kae the Insei (Demonspawn Gladiator)                 Turns: 756, Time: 00:00:30

Health: 0/23       AC:  5    Str: 14    XL:     2   Next: 75%
Magic:  2/2        EV: 12    Int:  9    God:
Gold:   15         SH:  4    Dex: 14    Spells: 1/1 levels left

rFire    . . .     SeeInvis .     - Unarmed
rCold    . . .     Faith    .   (no shield)
rNeg     . . .     Spirit   .   a - +0 leather armour
rPois    .         Reflect  .   b - +0 helmet
rElec    .         Harm     .   (no cloak)
rCorr    .         Rampage  .   d - +0 pair of gloves
Will     .....                  (no boots)
Stlth    +.........             (no amulet)
HPRegen  0.07/turn              (no ring)
MPRegen  0.08/turn              (no ring)

@: lethally poisoned (0 -> 0)
A: condensation shield
a: no special abilities


You were on level 1 of the Dungeon.
You visited 1 branch of the dungeon, and saw 1 of its levels.

You collected 15 gold pieces.

Inventory:

Missiles
 c - 3 throwing nets (quivered)
Armour
 a - a +0 leather armour (worn)
 b - a +0 helmet (worn)
 d - a +0 pair of gloves (worn)


   Skills:
 + Level 2.4 Fighting
 - Level 1.7 Throwing
 - Level 2.6 Dodging
 * Level 3.4 Unarmed Combat


You had one spell level left.
You didn't know any spells.
Your spell library was empty.

Dungeon Overview and Level Annotations

Branches:
Dungeon (1/15)

Altars:


Innate Abilities, Weirdness & Mutations

A meltable shield of frost defends you. (SH +4)


Message History

You feel sick.
The kobold hits you with a +0 dagger of venom.
You are lethally poisoned!
You feel very sick.
The kobold throws a stone.
The stone hits you but does no damage.
You feel sick.
You aren't carrying any potions.
Okay, then.
As you read the scroll labelled XEB WETEJOTY, it crumbles to dust.
Wisps of shadow whirl around you...
It was a scroll of summoning.
* * * LOW HITPOINT WARNING * * *
You feel sick.
You swap places.
* * * LOW HITPOINT WARNING * * *
You feel sick.
Your jackal completely misses the kobold. x2
The kobold hits your jackal with a +0 dagger of venom.
Your jackal is poisoned.
Your rat bites the kobold.
You see here a +0 leather armour.
You swap places.
* * * LOW HITPOINT WARNING * * *
You feel sick. The bat closely misses your jackal. The bat hits your rat.
Your jackal bites the kobold.
The kobold dies!
Your jackal bites the jackal but does no damage.
The bat hits your rat.
Your rat dies!
Your rat's corpse dissolves into shadows!
* * * LOW HITPOINT WARNING * * *
You feel sick.
Your jackal bites the jackal.
Your jackal barely misses the jackal.
The jackal closely misses your jackal.
Your jackal barely misses the jackal. x2
* * * LOW HITPOINT WARNING * * *
You feel sick.
The jackal completely misses your jackal.
Your jackal misses the jackal. x2
The hobgoblin hits your jackal but does no damage.
The jackal misses your jackal.
You die...

##########..#.#
###.#.....#.## .#
.......#.#...# #..#
#####.......# (.#
.......#.....#### ..#
######.#........# ..#
#.#.....##.# #.# #
#.#..#####.#####.##.##..
##.......@...whhbg.h....
##........#####h##.##.
##.####### #†# #.# #.#
#.. ## ## #.. .## (###
#.. #.##... #...


You could see a jackal (ally target), a bat (ally target), a friendly dart slug
(summoned) and 2 friendly jackals.

Vanquished Creatures
  A dart slug (D:1)
  An endoplasm (D:1)
  A giant cockroach (D:1)
  A goblin (D:1)
  3 hobgoblins (D:1)
  4 jackals (D:1)
  A quokka (D:1)
  2 ball pythons (D:1)
  2 bats (D:1)
  A kobold (D:1)
  A rat (D:1)
18 creatures vanquished.

Vanquished Creatures (collateral kills)
  A kobold (D:1)
1 creature vanquished.

Grand Total: 19 creatures vanquished

Notes
Turn   | Place    | Note
-------+----------+-------------------------------------------
     0 | D:1      | kae the Demonspawn Gladiator began the quest for the Orb.
     0 | D:1      | Reached XP level 1. HP: 16/16 MP: 1/1
   178 | D:1      | Reached skill level 3 in Unarmed Combat
   184 | D:1      | Gained mutation: A meltable shield of frost defends you.
                  | (SH +4) [demonic ancestry]
   184 | D:1      | Reached XP level 2. HP: 6/22 MP: 2/2
   755 | D:1      | HP: 1/23 [poisoned by a kobold]
   756 | D:1      | Succumbed to a kobold's poison

Illustrated notes

Levels and vault maps discovered:
D:1:      saegor_arrival_simple_c, layout_basic,
          wander_ebering_terrifying_dragon_lair

Skill      XL: |  1 |
---------------+----+-----
Unarmed Combat | 3 |  3.4
Fighting       | |  2.4
Throwing       | |  1.7
Dodging        | |  2.6

Action                   || total
-------------------------++-------
Melee: Unarmed           ||    70
       Punch             ||     2
  Use: Scroll            ||     1
Armor: Leather armour    ||    33
Dodge: Dodged            ||    54
Block: Other             ||     7

Table legend: (Time is in decaauts)
 A = Elapsed time spent in this place.
 B = Non-inter-level travel time spent in this place.
 C = Inter-level travel time spent in this place.
 D = Time resting spent in this place.
 E = Time spent auto-exploring this place.
 F = Levels seen in this place.
 G = Mean time per level.
                   A        B        C        D        E       F      G
               +--------+--------+--------+--------+--------+-----+--------+
         Total |    751 |    751 |      0 |      0 |    624 |   1 |  751.0 |
       Dungeon |    751 |    751 |      0 |      0 |    624 |   1 |  751.0 |
               +--------+--------+--------+--------+--------+-----+--------+

Top non-repeatable levels by time:
     D:1: 751 daAuts
